AoeStats
← OM | Kerry Copyto

African Clearing

506795085Analyzed
4v4 RM · 17d ago on Sep 15, 2026· 20m 4s· 8 players
Game mode
Random Map
Map size
Large (8 player)
Population
200
Speed
Normal
Resources
Standard
Victory
Conquest
Starting age
Dark Age
Ending age
Imperial Age
RankedLock teamsTeams togetherTeam positionsShared explorationLock speedFull tech treeHidden civsTurbo modeCheats
Victory
Defeat
🇲🇽 Spanish · Mexico
1417
+14
🇲🇽 Teutons · Mexico
1397
+15
🇲🇽 Vietnamese · Mexico
1361
+16
🇲🇽 Armenians · Mexico
1331
+17
🇲🇽 Mapuche · Mexico
1432
-18
🇲🇽 Mongols · Mexico
1390
-17
🇨🇴 Sicilians · Colombia
1359
-15
1282
-12
|FMG| Donde Estan Mis 5 Pizzas
5:01 Loom
12:47 Feudal Age
15:28 Scale Barding Armor
17:10 Bloodlines
20:15 Wheelbarrow
sgt peppers s
12:00 Loom
14:09 Feudal Age
17:18 Wheelbarrow
[JaMx] K@l-El
7:10 Loom
13:04 Feudal Age
22:01 Castle Age
T91Official
11:41 Feudal Age
10:32 Loom
12:22 Double-Bit Axe
15:31 Forging
17:52 Bloodlines
OM | Kerry Copyto
11:24 Loom
13:37 Feudal Age
15:12 Double-Bit Axe
19:04 Castle Age
OM | SISKO PRO
4:23 Loom
13:50 Feudal Age
17:24 Castle Age
18:47 Double-Bit Axe
OM | Romeo D. Sins
2:48 Loom
12:07 Feudal Age
12:36 Double-Bit Axe
16:37 Forging
18:11 Scale Barding Armor
OM | Massiosare
5:48 Loom
14:15 Feudal Age
15:34 Arson
18:50 Man-at-Arms
Connection lost

Rejoining the realm…

Still unreachable

The connection could not be restored.

Session expired

The server has moved on; the page needs a fresh start.